 Dungeon Crawl Stone Soup version 0.29.1-15-g9cfb28693d (webtiles) character file.

Game seed: 5517850286227403517

171969 wingedge the Devastator (level 18, 0/134 HPs)
             Began as a Human Wanderer on Mar 30, 2023.
             Was the Champion of Nemelex Xobeh.
             Killed from afar by a naga warrior (2 damage)
             ... with a splash of poison
             ... on level 3 of the Snake Pit on Apr 4, 2023.
             The game lasted 02:57:48 (41811 turns).

wingedge the Devastator (Human Wanderer)           Turns: 41811, Time: 02:57:48

Health: 0/134      AC: 18    Str: 18    XL:     18   Next: 66%
Magic:  4/32       EV: 11    Int: 22    God:    Nemelex Xobeh [******]
Gold:   437        SH:  8    Dex: 12    Spells: 3/37 levels left

rFire   + + .      SeeInvis .   a - +4 scimitar (flame)
rCold   . . .      Faith    .   e - +3 warlock's mirror {reflect}
rNeg    . . .      Spirit   .   C - +2 robe {rC+ rF+}
rPois   .          Reflect  +   A - +2 helmet
rElec   .          Harm     .   c - scarf {repulsion}
rCorr   .          Rampage  .   x - +2 pair of gloves
Will    +....                   I - +2 pair of boots
Stlth   ++........              Y - amulet of regeneration
HPRegen 1.12/turn               W - +4 ring of protection
MPRegen 0.23/turn               Q - ring of Yendor {Fire Int+6}

@: lethally poisoned (0 -> -1), constricted, studying Fire Magic, repel missiles
A: no striking features
a: Renounce Religion, Draw Escape, Draw Destruction, Draw Summoning, Draw Stack,
Triple Draw, Deal Four, Stack Five


You were on level 3 of the Snake Pit.
You worshipped Nemelex Xobeh.
Nemelex Xobeh was exalted by your worship.
You visited 5 branches of the dungeon, and saw 26 of its levels.
You also visited: Bailey and Volcano.

You collected 3173 gold pieces.
You spent 2736 gold pieces at shops.

Inventory:

Hand Weapons
 a - a +4 scimitar of flaming (weapon)
 g - a +1 vampiric demon whip
 n - the +3 mace "Qarag" {protect, rF+ Dex+4}
   (You found it on level 3 of the Lair of Beasts)

   It grants its wielder temporary protection when it strikes (+7 to AC).
   Dex:       It affects your dexterity (+4).
   rF:        It protects you from fire.
 U - a +2 rapier of distortion
Missiles
 f - a throwing net (quivered)
Armour
 c - a scarf of repulsion (worn)
 e - the +3 warlock's mirror (worn) {reflect}
   (You acquired it on level 3 of the Dungeon)

   It can block and reflect piercing ranged attacks and magical attacks against
   the wielder's willpower.
 h - the +0 ring mail "Daluc" {rElec rF- MP-9 Int+9}
   (You bought it in a shop on level 13 of the Dungeon)

   Int:       It affects your intelligence (+9).
   rF:        It makes you vulnerable to fire.
   rElec:     It insulates you from electricity.
   MP:        It affects your magic capacity (-9).
 x - a +2 pair of gloves (worn)
 A - a +2 helmet (worn)
 C - a +2 robe of resistance (worn)
 I - a +2 pair of boots (worn)
 K - +0 acid dragon scales
Magical Staves
 b - a staff of conjuration
 p - a staff of poison
Jewellery
 D - a ring of protection from fire
 Q - the ring of Yendor (right hand) {Fire Int+6}
   (You bought it in a shop on level 9 of the Dungeon)

   [ring of fire]

   It enhances your fire magic.
   Int:       It affects your intelligence (+6).
   rF:        It protects you from fire.
   rC:        It makes you vulnerable to cold.
 W - a +4 ring of protection (left hand)
 Y - an amulet of regeneration (around neck)
Wands
 y - a wand of digging (6)
 F - a wand of light (6)
 M - a wand of charming (3)
 O - a wand of iceblast (5)
 R - a wand of polymorph (4)
Scrolls
 i - a scroll of enchant armour
 k - a scroll of summoning
 s - 9 scrolls of amnesia
 u - 3 scrolls of immolation
 v - 6 scrolls of teleportation
 z - 3 scrolls of enchant weapon
 G - a scroll of vulnerability
 H - 3 scrolls of blinking
 L - a scroll of magic mapping
 N - a scroll of silence
 P - 2 scrolls of fear
 S - 3 scrolls of butterflies
Potions
 d - 4 potions of brilliance
 j - 6 potions of haste
 l - 4 potions of attraction
 m - a potion of magic {unknown}
 o - a potion of resistance {unknown}
 r - 2 potions of mutation
 t - a potion of cancellation {unknown}
 w - 4 potions of heal wounds
 B - 3 potions of invisibility
 E - 12 potions of curing
 V - 12 potions of ambrosia
 X - 4 potions of might
 Z - 5 potions of flight
Miscellaneous
 J - a tin of tremorstones (2/2)
 T - a phantom mirror


   Skills:
 - Level 10.0 Fighting
 - Level 2.0 Maces & Flails
 - Level 2.0 Throwing
 + Level 7.4 Armour
 + Level 7.4 Dodging
 - Level 2.0 Stealth
 + Level 7.4 Shields
 - Level 10.0 Spellcasting
 + Level 17.1 Conjurations
 - Level 7.0 Translocations
 - Level 14.0 Fire Magic
 - Level 4.0 Air Magic
 - Level 4.0 Earth Magic
 - Level 4.0 Poison Magic
 - Level 10.0 Invocations
 - Level 1.0 Evocations


You had 3 spell levels left.
You knew the following spells:

 Your Spells              Type           Power      Damage    Failure   Level
a - Apportation           Tloc           82%        N/A       1%          1
b - Foxfire               Conj/Fire      100%       2x1d9     0%          1
c - Magic Dart            Conj           100%       1d8       0%          1
d - Mephitic Cloud        Conj/Pois/Air  47%        N/A       1%          3
e - Flame Wave            Conj/Fire      88%        2d19      1%          4
f - Iskenderun's Battles  Conj           72%        2d12      1%          5
g - Stone Arrow           Conj/Erth      100%       3d13      1%          3
h - Fireball              Conj/Fire      44%        3d18      1%          5
i - Passage of Golubria   Tloc           41%        N/A       4%          4
j - Orb of Destruction    Conj           36%        9d11      5%          7

Your spell library contained the following spells:

 Spells                   Type           Power      Damage    Failure   Level
 Conjure Flame            Conj/Fire      88%        6-21      1%          3
 Inner Flame              Hex/Fire       58%        N/A       1%          3
 Teleport Other           Tloc           41%        N/A       1%          3
 Poisonous Vapours        Pois/Air       56%        N/A       2%          2
 Sting                    Tmut/Pois      76%        1d6       3%          1
 Passwall                 Tmut/Erth      15%        N/A       4%          2
 Swiftness                Air            28%        N/A       4%          3
 Portal Projectile        Hex/Tloc       52%        N/A       5%          3
 Call Imp                 Summ           11%        N/A       11%         2
 Ensorcelled Hibernation  Hex/Ice        22%        N/A       11%         2
 Call Canine Familiar     Summ           11%        N/A       22%         3
 Olgreb's Toxic Radiance  Pois           28%        N/A       14%         4
 Conjure Ball Lightning   Conj/Air       27%        3x3d8     14%         6
 Animate Armour           Summ/Erth      38%        N/A       32%         4
 Leda's Liquefaction      Hex/Erth       9%         N/A       32%         4
 Petrify                  Tmut/Erth      19%        N/A       32%         4
 Summon Forest            Summ/Tloc      13%        N/A       43%         5
 Anguish                  Hex/Necr       5%         N/A       58%         4
 Alistair's Intoxication  Tmut/Pois      12%        N/A       65%         5
 Silence                  Hex/Air        9%         N/A       65%         5
 Metabolic Englaciation   Hex/Ice        5%         N/A       90%         5
 Summon Mana Viper        Hex/Summ       11%        N/A       90%         5
 Statue Form              Tmut/Erth      12%        N/A       99%         6
 Lehudib's Crystal Spear  Conj/Erth      27%        10d7      99%         8
 Summon Cactus Giant      Summ           5%         N/A       100%        6
 Enfeeble                 Hex            5%         N/A       100%        7


Dungeon Overview and Level Annotations

Branches:
Dungeon (15/15)            Temple (1/1) D:7            Lair (5/5) D:11
 Shoals (0/4) Lair:2        Snake (3/4) Lair:3        Slime (0/5) Lair:5
    Orc (2/2) D:9             Elf (0/3) Orc:2        Vaults (0/5) D:14
 Depths (0/4) D:15         Bailey (visited)         Volcano (visited)

Altars:
Hepliaklqana
Kikubaaqudgha
Nemelex Xobeh
Okawaru
Sif Muna
Xom
Yredelemnul
Jiyva
Lugonu

Shops:
D:3 ![*[   D:8 [(   D:9 *   D:13 [   Orc:2 ([(?   Snake:1 (   Snake:2 *([

Portals:
Abyss: Lair:5
Trove: D:10 (give +3 gold dragon scales)

Annotations:
Lair:5 3 runed translucent doors, safid's ghost, journeyman MfIE
Abyss:1 Eustachio


Message History

You hit the naga warrior. You burn the naga warrior.
The naga warrior is almost dead.
The naga warrior spits poison at you. The splash of poison hits you!
You are poisoned.
The naga warrior constricts you.
The naga warrior hits you with a +0 glaive!!
* * * LOW HITPOINT WARNING * * *
The naga warrior constricts you.
You draw a card...
You have drawn the Orb.
Press: ? - help, Shift-Dir - straight line, f/p - naga warrior
Aim: a naga warrior, wielding a +0 glaive and wearing a +0 robe (almost dead, constricting you, catching its breath)
Your orb of destruction hits a rock wall. x2
You feel sick.
The naga warrior hits you but does no damage.
The naga warrior constricts you.
* * * LOW HITPOINT WARNING * * *
You draw a card...
You have drawn the Storm.
A fierce wind blows from the card.
Your orbs of destruction are blown away by the wind.
You hear mighty peals of thunder!
You feel sick.
Your orb of destruction hits a rock wall. x3
The naga warrior hits you with a +0 glaive.
* * * LOW HITPOINT WARNING * * *
The naga warrior constricts you.
* * * LOW HITPOINT WARNING * * *
Unknown command.
You draw a card...
You have drawn Pain.
Press: ? - help, Shift-Dir - straight line, f/p - naga warrior
Aim: a naga warrior, wielding a +0 glaive and wearing a +0 robe (almost dead, constricting you)
The bolt of negative energy hits the naga warrior!
The naga warrior is drained!
The naga warrior is almost dead.
You feel sick. The naga warrior spits poison at you.
The splash of poison hits you.
You are more poisoned.
You die...
Your body glows with a rainbow of weird colours and disappears.

.. . ####..... #
##.#<#.... ## #.
##(..#.#... #. ##.
#○....#.. ###' #...
#.....○## ##... ..#
#○..○°..# #...[
#.##..)†...# #..###
##.)N@.°....# .##.##..
##.....#.)..###.#......
#.°○...##..##..##. #...
...####...####...#..##.♣.
. ###..###...#..#....
##.......+..#...<
##......#..#.... #
##......#..##.♣. ..##
#.......##..#...


You could see a naga warrior (catching breath, drained).

Vanquished Creatures
  Saint Roka (Orc:2)
  3 nagarajas
  An orc warlord (Orc:2)
  A dire elephant (Lair:5)
  Josephine (D:14)
  An ogre mage (D:14)
  A boulder beetle (D:12)
  An ice dragon (D:15)
  8 hydras
  5 vault guards (D:14)
  4 catoblepae
  3 two-headed ogres
  3 centaur warriors
  5 anacondas
  6 naga warriors
  13 death yaks
  2 orc high priests (Orc:2)
  A tengu warrior (D:14)
  A naga sharpshooter (Snake:1)
  2 thrashing horrors (Lair:5)
  Sonja (Lair:4)
  2 shock serpents (Snake:1)
  A deep elf knight (D:14)
  3 skeletal warriors (D:12)
  3 salamander mystics
  2 naga ritualists
  2 deep elf archers
  5 deep elf pyromancers
  2 orc knights (Orc:2)
  6 mana vipers
  5 orc sorcerers
  5 salamanders
  An oklob plant (Lair:4)
  13 slime creatures
  3 cyclopes
  A manticore (D:9)
  5 ugly things
  2 guardian serpents (Snake:3)
  27 black mambas
  An eye of devastation (D:12)
  4 gargoyles
  2 smoke demons
  10 naga magi
  8 cane toads
  Maggie (D:7)
  3 kobold demonologists
  2 rime drakes
  A yaktaur (D:14)
  2 ancient zymes (Lair:5)
  10 komodo dragons
  A guardian mummy (D:10)
  A tengu conjurer (D:8)
  2 ice devils (D:15)
  An efreet (D:13)
  6 trolls
  A queen bee (Lair:1)
  5 polar bears
  A wolf spider simulacrum (D:15)
  A hornet (D:9)
  18 blink frogs
  A snapping turtle (D:12)
  7 dream sheep (Lair:4)
  3 shadows
  2 ynoxinuls
  A spriggan (Lair:5)
  30 yaks
  5 basilisks
  A vampire (Bailey)
  2 wyverns
  2 large abominations (Lair:5)
  4 fire elementals (Volcano)
  8 wraiths
  4 chaos spawn (Lair:5)
  A steam dragon (D:7)
  13 vampire mosquitoes
  4 wargs
  29 nagas
  3 acid dragons
  3 hell hounds (Volcano)
  16 water moccasins
  42 orc warriors
  4 black bears
  A sky beast (D:7)
  4 ogres
  7 wolves
  10 centaurs
  An ogre (shapeshifter) (D:13)
  Blork the orc (D:6)
  7 kobold brigands
  12 bullfrogs
  A gnoll sergeant (D:6)
  8 scorpions
  9 small abominations (Lair:5)
  8 wights
  37 killer bees
  7 vampire bats (Bailey)
  3 electric eels
  2 howler monkeys
  8 wolf zombies (Bailey)
  26 orc priests
  Crazy Yiuf (D:6)
  2 jellies
  3 iguanas
  31 orc wizards
  4 hell rats (Lair:5)
  5 adders
  6 gnolls
  A river rat (D:2)
  An ufetubus (D:7)
  2 dart slugs (D:3)
  102 orcs
  5 ball pythons
  3 endoplasms
  A giant cockroach (D:2)
  9 hobgoblins
  8 jackals
  7 quokkas
  7 bats
  7 frilled lizards (D:1)
  8 goblins
  23 kobolds
  20 orc zombies (Bailey)
  5 rats
  A spectral hobgoblin (D:1)
832 creatures vanquished.

Vanquished Creatures (collateral kills)
  Agnes (Snake:3)
  A boulder beetle (D:15)
  A sun demon (D:15)
  2 thrashing horrors (Lair:5)
  A naga ritualist (Snake:3)
  2 deep elf pyromancers (Volcano)
  A manticore (D:14)
  3 elephants (Lair:4)
  A salamander (Snake:3)
  5 blink frogs (Lair:4)
  A basilisk (Lair:4)
  2 yaks
  3 gnolls (D:3)
  An adder (D:4)
  6 orcs
31 creatures vanquished.

Vanquished Creatures (others)
  A deep elf pyromancer (D:12)
  A kobold brigand (D:14)
  3 demonic plants (D:15)
  497 foxfires
  26 fungi
  34 plants
562 creatures vanquished.

Grand Total: 1425 creatures vanquished

Notes
Turn   | Place    | Note
-------+----------+-------------------------------------------
     0 | D:1      | wingedge the Human Wanderer began the quest for the Orb.
     0 | D:1      | wingedge set off with the following items: a +2 dagger, 4
                  | curare-tipped darts, a +0 pair of gloves, a potion of
                  | brilliance, a +0 leather armour; and the following spell
                  | memorised: Apportation; and the following spells available
                  | to memorise: Teleport Other.
     0 | D:1      | Reached XP level 1. HP: 13/13 MP: 2/2
   230 | D:1      | Reached skill level 1 in Fighting
   262 | D:1      | Reached XP level 2. HP: 18/21 MP: 3/3
   786 | D:1      | Reached XP level 3. HP: 28/28 MP: 4/4
  1007 | D:1      | Found a faded altar of an unknown god.
  1025 | D:1      | Prayed at the altar of an unknown god.
  1025 | D:1      | Became a worshipper of Nemelex Xobeh the Trickster
  1025 | D:1      | Reached * piety under Nemelex Xobeh
  1025 | D:1      | Received a gift from Nemelex Xobeh
  1490 | D:2      | Reached skill level 1 in Invocations
  1490 | D:2      | Reached XP level 4. HP: 22/35 MP: 5/5
  1702 | D:2      | Reached skill level 1 in Maces & Flails
  1993 | D:2      | Reached ** piety under Nemelex Xobeh
  2250 | D:2      | Received a gift from Nemelex Xobeh
  2413 | D:3      | Found Cimar's Assorted Antiques.
  2509 | D:3      | Found Gotiozi's Distillery.
  2514 | D:3      | Bought a potion of degeneration for 13 gold pieces
  2514 | D:3      | Bought a potion of heal wounds for 65 gold pieces
  2555 | D:3      | Found a basalt altar of Yredelemnul.
  2600 | D:3      | Found Powaf's Antique Armour Emporium.
  2632 | D:3      | Reached skill level 1 in Fire Magic
  2632 | D:3      | Reached XP level 5. HP: 40/41 MP: 6/6
  2657 | D:3      | Found Ceyhu's Armour Shoppe.
  2865 | D:3      | Received a gift from Nemelex Xobeh
  2999 | D:4      | Reached *** piety under Nemelex Xobeh
  3301 | D:4      | Reached XP level 6. HP: 47/47 MP: 7/7
  3372 | D:4      | Received a gift from Nemelex Xobeh
  3417 | D:4      | Reached skill level 1 in Conjurations
  3826 | D:4      | Reached skill level 2 in Conjurations
  3826 | D:4      | Reached XP level 7. HP: 40/52 MP: 10/10
  3830 | D:4      | Learned a level 1 spell: Foxfire
  3832 | D:4      | Learned a level 1 spell: Magic Dart
  4261 | D:5      | Entered Level 5 of the Dungeon
  4275 | D:5      | Received a gift from Nemelex Xobeh
  4369 | D:5      | Reached skill level 3 in Conjurations
  4559 | D:5      | Reached skill level 4 in Conjurations
  4806 | D:5      | Reached XP level 8. HP: 53/58 MP: 4/12
  5800 | D:6      | Reached skill level 5 in Conjurations
  5804 | D:6      | Learned a level 3 spell: Mephitic Cloud
  5860 | D:6      | Reached skill level 1 in Air Magic
  5860 | D:6      | Reached skill level 1 in Poison Magic
  6212 | D:6      | Noticed Eustachio
  6216 | D:6      | Banished Eustachio
  6217 | D:6      | Reached XP level 9. HP: 63/63 MP: 11/14
  6236 | D:6      | Reached **** piety under Nemelex Xobeh
  6256 | D:6      | Found a runed translucent door.
  6257 | D:6      | Noticed Crazy Yiuf
  6262 | D:6      | Killed Crazy Yiuf
  6315 | D:6      | Learned a level 4 spell: Flame Wave
  6551 | D:6      | Noticed Blork the orc
  6558 | D:6      | Killed Blork the orc
  6624 | D:6      | Found an ancient bone altar of Kikubaaqudgha.
  6787 | D:6      | Received a gift from Nemelex Xobeh
  6957 | D:6      | Reached skill level 5 in Spellcasting
  6957 | D:6      | Reached skill level 6 in Conjurations
  7058 | D:6      | Learned a level 3 spell: Teleport Other
  7343 | D:7      | Noticed Maggie
  7571 | D:7      | Reached skill level 5 in Fire Magic
  7685 | D:7      | Killed Maggie
  7773 | D:7      | Identified 2 scrolls of acquirement
  7875 | D:3      | Bought 2 potions of curing for 78 gold pieces
  7879 | D:3      | Acquired a book of Armaments
  7881 | D:3      | Acquired the +3 warlock's mirror {reflect}
  7881 | D:3      | Found the +3 warlock's mirror {reflect}
  8007 | D:7      | Reached XP level 10. HP: 70/70 MP: 4/17
  8531 | D:7      | Found a staircase to the Ecumenical Temple.
  8538 | Temple   | Entered the Ecumenical Temple
  8804 | D:7      | Reached skill level 5 in Invocations
  9021 | D:8      | Noticed a centaur warrior
  9472 | D:8      | Reached skill level 7 in Conjurations
  9556 | D:8      | Learned a level 3 spell: Stone Arrow
  9587 | D:8      | Killed a centaur warrior
  9588 | D:8      | Reached skill level 1 in Earth Magic
  9591 | D:8      | Received a gift from Nemelex Xobeh
  9763 | D:8      | Found Daroeps's Antique Weapon Boutique.
  9766 | D:8      | Bought a bone short sword for 256 gold pieces
  9766 | D:8      | Identified the +5 short sword "Uvireuj" {elec, rF- Str+4
                  | Dex+3 Stlth+} (You bought it in a shop on level 8 of the
                  | Dungeon)
  9896 | D:8      | Found Runiusisu's Armour Emporium.
 10734 | D:9      | Reached XP level 11. HP: 77/77 MP: 4/20
 10864 | D:9      | Found a flagged portal.
 10876 | Bailey   | Entered a bailey
 11395 | Bailey   | Reached skill level 8 in Conjurations
 12365 | D:9      | Reached ***** piety under Nemelex Xobeh
 12426 | D:9      | Found a staircase to the Orcish Mines.
 12450 | D:9      | Acquired a book of the Spheres
 12458 | D:9      | Learned a level 5 spell: Fireball
 12465 | D:9      | Learned a level 5 spell: Iskenderun's Battlesphere
 12643 | D:9      | Found Tyerph's Fire Supplies.
 12838 | D:9      | Found a shimmering blue altar of Sif Muna.
 13105 | D:10     | Entered Level 10 of the Dungeon
 13110 | D:10     | Noticed a two-headed ogre
 13243 | D:10     | Received a gift from Nemelex Xobeh
 13364 | D:10     | Noticed a manticore
 13408 | D:10     | Banished a two-headed ogre
 13540 | D:10     | Reached skill level 5 in Fighting
 13684 | D:10     | Found an iron altar of Okawaru.
 13705 | D:10     | Noticed a two-headed ogre
 13883 | D:9      | Killed a manticore
 14021 | D:10     | Killed a two-headed ogre
 14022 | D:10     | Reached XP level 12. HP: 16/87 MP: 6/23
 14022 | D:10     | HP: 1/87 [acid dragon/splash of acid (15)]
 14472 | D:10     | Found a hazy altar of Hepliaklqana.
 14901 | D:10     | Reached skill level 9 in Conjurations
 14957 | D:10     | Found a portal to a secret trove of treasure.
 15267 | D:11     | Noticed a death yak
 15304 | D:11     | Killed a death yak
 15304 | D:11     | Noticed a death yak
 15320 | D:11     | Killed a death yak
 15321 | D:11     | Reached skill level 1 in Armour
 15321 | D:11     | Reached skill level 1 in Dodging
 15321 | D:11     | Reached skill level 1 in Shields
 15451 | D:11     | Found a staircase to the Lair.
 15457 | D:11     | Noticed a death yak
 15457 | D:11     | Noticed a death yak
 15459 | D:11     | Noticed a death yak
 15473 | D:11     | Noticed a death yak
 15476 | D:11     | Killed a death yak
 15754 | D:11     | Noticed a death yak
 15786 | D:11     | Killed a death yak
 15791 | D:11     | Killed a death yak
 15953 | D:11     | Killed a death yak
 16107 | D:11     | Killed a death yak
 16274 | D:11     | Noticed a two-headed ogre
 16279 | D:11     | Killed a two-headed ogre
 16427 | D:11     | Noticed a two-headed ogre
 16430 | D:11     | Killed a two-headed ogre
 16512 | D:11     | Received a gift from Nemelex Xobeh
 16600 | Lair:1   | Entered Level 1 of the Lair of Beasts
 16622 | Lair:1   | Reached XP level 13. HP: 95/95 MP: 1/25
 16813 | Lair:1   | Found a dark tunnel.
 16991 | Volcano  | Entered a volcano
 18083 | Lair:1   | Received a gift from Nemelex Xobeh
 18150 | Lair:1   | Reached skill level 10 in Conjurations
 18500 | Lair:1   | Noticed a four-headed hydra
 18508 | Lair:1   | Killed a four-headed hydra
 19425 | Lair:2   | Received a gift from Nemelex Xobeh
 19767 | Lair:2   | Found a shimmering altar of Xom.
 19928 | Lair:2   | Found a staircase to the Shoals.
 19991 | Lair:2   | Reached XP level 14. HP: 88/104 MP: 0/27
 20108 | Lair:2   | Learned a level 4 spell: Passage of Golubria
 20258 | Lair:2   | Received a gift from Nemelex Xobeh
 20268 | Lair:2   | Reached skill level 5 in Shields
 20431 | Lair:2   | Received a gift from Nemelex Xobeh
 20804 | Lair:3   | Reached skill level 5 in Armour
 20943 | Lair:3   | Reached skill level 5 in Dodging
 21477 | Lair:3   | Acquired 1089 gold pieces
 21485 | Lair:3   | Reached ****** piety under Nemelex Xobeh
 21587 | Lair:3   | Identified the +3 mace "Qarag" {protect, rF+ Dex+4}
 21593 | Lair:3   | Found the +4 robe of Folly {Brilliance Will-∞ Int+8}
 21704 | D:9      | Bought a manual of Fire Magic for 960 gold pieces
 21704 | D:9      | Bought the ring of Yendor {Fire Int+6} for 535 gold pieces
 21811 | Lair:3   | Found a staircase to the Snake Pit.
 21884 | Lair:3   | Received a gift from Nemelex Xobeh
 22518 | Lair:4   | You fall into a shaft and drop 1 floor!
 22518 | Lair:5   | Entered Level 5 of the Lair of Beasts
 22676 | Lair:5   | Received a gift from Nemelex Xobeh
 22729 | Lair:5   | Reached skill level 10 in Fire Magic
 22845 | Lair:4   | Reached skill level 5 in Translocations
 22989 | Lair:4   | Noticed Sonja
 22991 | Lair:4   | Killed Sonja
 23494 | Lair:4   | Received a gift from Nemelex Xobeh
 24115 | Lair:5   | Found a viscous altar of Jiyva.
 24116 | Lair:5   | Found a staircase to the Slime Pits.
 24322 | Lair:5   | Reached skill level 11 in Conjurations
 24650 | Lair:5   | Found a runed translucent gate.
 24650 | Lair:5   | Found a runed translucent gate.
 24651 | Lair:5   | Noticed a rockslime
 24658 | Lair:5   | Noticed an azure jelly
 24659 | Lair:5   | Found a runed translucent gate.
 24660 | Lair:5   | Noticed an acid blob
 24660 | Lair:5   | Noticed an azure jelly
 24660 | Lair:5   | Noticed an azure jelly
 24660 | Lair:5   | Noticed an azure jelly
 24661 | Lair:5   | Noticed safid's ghost (journeyman MfIE)
 24661 | Lair:5   | Noticed an azure jelly
 24661 | Lair:5   | Noticed an azure jelly
 24662 | Lair:5   | Noticed an azure jelly
 24662 | Lair:5   | Noticed an acid blob
 24663 | Lair:5   | Noticed an acid blob
 24664 | Lair:5   | Found a viscous altar of Jiyva.
 24668 | Lair:5   | Noticed a dire elephant
 24678 | Lair:5   | Killed a dire elephant
 24679 | Lair:5   | Reached XP level 15. HP: 112/112 MP: 1/28
 25364 | Lair:5   | Received a gift from Nemelex Xobeh
 25504 | Lair:5   | Reached skill level 10 in Spellcasting
 26605 | Lair:5   | Found a corrupted altar of Lugonu.
 26605 | Lair:5   | Found a one-way gate to the infinite horrors of the Abyss.
 27053 | Orc:1    | Entered Level 1 of the Orcish Mines
 27479 | Orc:2    | Entered Level 2 of the Orcish Mines
 27570 | Orc:2    | Noticed an orc warlord
 27578 | Orc:2    | Killed an orc warlord
 27822 | Orc:2    | Reached skill level 10 in Invocations
 28023 | Orc:2    | Found a staircase to the Elven Halls.
 28026 | Orc:2    | Found Qyil's Magic Scroll Shoppe.
 28034 | Orc:2    | Bought a scroll of identify for 32 gold pieces
 28034 | Orc:2    | Bought a scroll of identify for 32 gold pieces
 28034 | Orc:2    | Bought a scroll of identify for 32 gold pieces
 28034 | Orc:2    | Bought a scroll of identify for 32 gold pieces
 28034 | Orc:2    | Bought a scroll of fear for 64 gold pieces
 28034 | Orc:2    | Bought a scroll of enchant armour for 120 gold pieces
 28076 | Orc:2    | Received a gift from Nemelex Xobeh
 30051 | Orc:2    | Found Tymari's Weapon Boutique.
 30436 | Orc:2    | Noticed Saint Roka
 30571 | Orc:2    | Reached skill level 10 in Fighting
 30673 | Orc:2    | Killed Saint Roka
 30674 | Orc:2    | Reached skill level 12 in Conjurations
 30783 | Orc:2    | Found Dysmit's Antique Armour Shoppe.
 30786 | Orc:2    | Found Punod's Antique Weapon Emporium.
 31905 | D:12     | Received a gift from Nemelex Xobeh
 31952 | D:12     | Reached XP level 16. HP: 97/122 MP: 1/30
 33333 | D:13     | Found Monirphuts's Antique Armour Shoppe.
 33341 | D:13     | Bought an encrusted ring mail for 198 gold pieces
 33341 | D:13     | Identified the +0 ring mail "Daluc" {rElec rF- MP-9 Int+9}
                  | (You bought it in a shop on level 13 of the Dungeon)
 33341 | D:13     | Bought a translucent leather armour for 154 gold pieces
 33341 | D:13     | Identified the +1 leather armour of Discretion {-Cast
                  | Dex+6} (You bought it in a shop on level 13 of the Dungeon)
 33341 | D:13     | Bought a pair of runed boots for 165 gold pieces
 33372 | D:13     | Learned a level 7 spell: Orb of Destruction
 34577 | D:14     | Found a gate to the Vaults.
 35015 | D:14     | Noticed Josephine
 35016 | D:14     | Killed Josephine
 35192 | D:14     | Received a gift from Nemelex Xobeh
 35690 | D:15     | Entered Level 15 of the Dungeon
 36029 | D:15     | Reached skill level 13 in Conjurations
 36265 | D:15     | Received a gift from Nemelex Xobeh
 36615 | Snake:1  | Entered Level 1 of the Snake Pit
 36993 | Snake:1  | Received a gift from Nemelex Xobeh
 37188 | Snake:1  | Found Gummide's Weapon Shoppe.
 37383 | Snake:1  | Reached skill level 14 in Conjurations
 37647 | Snake:1  | Reached XP level 17. HP: 96/128 MP: 10/31
 37810 | Snake:1  | Received a gift from Nemelex Xobeh
 38200 | Snake:2  | Found Mutypiul's Antique Armour Shoppe.
 38372 | Snake:2  | Found Teawit's Antique Weapon Emporium.
 38374 | Snake:2  | Found Gocwanyn's General Store.
 38995 | Snake:2  | Received a gift from Nemelex Xobeh
 39227 | Snake:2  | Found a basalt altar of Yredelemnul.
 39339 | Snake:2  | Reached skill level 15 in Conjurations
 40456 | Snake:3  | Reached skill level 16 in Conjurations
 40456 | Snake:3  | Reached XP level 18. HP: 134/134 MP: 32/32
 40584 | Snake:3  | Received a gift from Nemelex Xobeh
 41181 | Snake:3  | Reached skill level 17 in Conjurations
 41708 | Snake:3  | Noticed Agnes
 41726 | Snake:3  | Killed Agnes
 41810 | Snake:3  | HP: 2/134 [constriction (6)]
 41811 | Snake:3  | Killed from afar by a naga warrior

Illustrated notes

Levels and vault maps discovered:
D:1:      mrwooster_arrival_statue_3, layout_basic,
          dreamdust_ecumenical_altar_drowned_temple
D:2:      layout_loops_corners, serial_bayou_ford_a
D:3:      layout_rooms, nicolae_overflow_crystal_walls, serial_shops, shop,
          shop, nicolae_shop_hallway_plus, nicolae_shop_statue_plus,
          minmay_misc_feat_hallway
D:4:      layout_cave_pods, portal_sewer_entry_d, amcnicky_mini_pool_small
D:5:      layout_basic
D:6:      layout_basic, kennysheep_mini_moat, nicolae_hexahallways,
          minmay_misc_feat_four_crosses, uniq_eustachio,
          uniq_crazy_yiuf_cottage, uniq_blork_the_orc
D:7:      layout_rooms, minmay_temple_entry_butterflies, uniq_maggie
D:8:      kennysheep_blocky_room, layout_loops_corners, serial_shops, shop,
          nicolae_shop_hallway_stairs
D:9:      layout_irregular_city, led_sif_pool, minmay_orc_entry_temple_small,
          enter_bailey_5, minivault_24, nicolae_shop_fire_sale
          [nicolae_sub_dead_trees]
D:10:     layout_rooms, nicolae_hepliaklqana_hazy_memory,
          nicolae_trove_entry_path_of_doom, serial_curves, eino_curves_01,
          eino_curves_04, eino_curves_01, eino_curves_02, minmay_ruined_shrine
D:11:     layout_rooms, dpeg_lair_monsters, abandoned_shop
D:12:     layout_cave_pods
D:13:     layout_loops_ring, serial_shops, nicolae_shop_statue_plus
D:14:     layout_cave_pools, grunt_vaults_entry_fortified,
          kennysheep_generic_room_8, uniq_josephine
D:15:     grunt_enter_depths_snipers, layout_loops_corners,
          nrook_mini_backslash, serial_demonic, serial_demonic_f,
          serial_demonic_g, serial_demonic_e, serial_demonic_d,
          serial_demonic_g, serial_demonic_f, serial_demonic_f,
          serial_demonic_f, portal_ice_cave_entry_ice_statue_one,
          evilmike_ruin_ashenzari
Temple:   compressed_dpeg_circular_temple
Lair:1:   layout_roguey [special_room_bee], enter_volcano_1
Lair:2:   layout_chaotic_city, elwin_shoals_entry_rocks,
          grunt_forest_stairs_basic, lemuel_centaur_altar, serial_bayou_shore_a
Lair:3:   layout_gridlike, guppyfry_snake_entry_garden, grunt_megastairs_1
Lair:4:   layout_gridlike, uniq_sonja
Lair:5:   hellmonk_lair_end_abyssal_woods, layout_cave_pods,
          dpeg_slime_entry_corner, gammafunk_ghost_ooze, serial_rivers,
          chequers_serial_rivers_marsh, chequers_serial_rivers_small_b,
          chequers_serial_rivers_micro_b, chequers_serial_rivers_room_b,
          chequers_serial_rivers_large_b, chequers_serial_rivers_small_3
Snake:1:  layout_gridlike, serial_shops, shop_statue,
          nicolae_snake_gridmaze_tees
Snake:2:  layout_basic, basic_altar, minmay_shop_star
Snake:3:  layout_chambers, grunt_megastairs_2, uniq_agnes
Orc:1:    layout_caves
Orc:2:    grunt_orc_community_town_hall, layout_diamond_mine,
          grunt_orc_community_big_house_1, grunt_orc_community_big_house_1,
          grunt_orc_community_house_1, grunt_orc_community_house_2,
          grunt_orc_community_house_2, grunt_orc_community_house_2, basic_altar,
          nicolae_orc_flooded_monolith

Skill      XL: |  1  2  3  4  5  6  7  8  9 10 11 12 13 14 15 16 17 18 |
---------------+-------------------------------------------------------+-----
Fighting       | 1 2 3 4 5 6 7 8 10 | 10.0
Invocations    | 1 2 3 4 5 6 8 9 10 | 10.0
Maces & Flails | 2 |  2.0
Fire Magic     | 1 2 3 4 6 7 8 9 10 13 14 | 14.0
Conjurations   | 2 4 5 6 7 8 9 10 11 12 14 16 17 | 17.1
Spellcasting   | 2 3 5 6 7 8 9 10 | 10.0
Air Magic      | 2 3 4 |  4.0
Poison Magic   | 2 3 4 |  4.0
Earth Magic    | 2 4 |  4.0
Armour         | 2 4 5 7 |  7.4
Dodging        | 2 4 5 7 |  7.4
Shields        | 2 4 6 7 |  7.4
Translocations | 5 6 7 |  7.0
Throwing       | |  2.0
Stealth        | |  2.0
Evocations     | |  1.0

Action                   |  1- 3 |  4- 6 |  7- 9 | 10-12 | 13-15 | 16-18 || total
-------------------------+-------+-------+-------+-------+-------+-------++-------
Melee: Dagger            |    57 |       |       |       |       |       ||    57
       Flail             |    44 |   111 |     9 |    57 |       |       ||   221
       Punch             |       |     1 |       |       |       |       ||     1
       Demon whip        |       |       |       |    11 |   156 |    14 ||   181
       Staff             |       |       |       |     2 |     8 |     2 ||    12
       Mace              |       |       |       |       |    22 |    32 ||    54
       Scimitar          |       |       |       |       |       |    81 ||    81
Throw: Dart              |     9 |     2 |       |       |       |       ||    11
       Stone             |     9 |       |       |       |       |       ||     9
       Javelin           |       |     3 |       |       |       |       ||     3
       Throwing net      |       |       |       |       |     1 |     1 ||     2
 Cast: Foxfire           |       |       |   215 |    58 |     1 |       ||   274
       Magic Dart        |       |       |    30 |    46 |    52 |     4 ||   132
       Mephitic Cloud    |       |       |     7 |    13 |     3 |     3 ||    26
       Flame Wave        |       |       |       |    33 |    22 |    10 ||    65
       Stone Arrow       |       |       |       |    54 |   168 |   142 ||   364
       Fireball          |       |       |       |    38 |   181 |   135 ||   354
       Iskenderun's Batt |       |       |       |    14 |    50 |     2 ||    66
       Apportation       |       |       |       |     4 |     2 |       ||     6
       Passage of Golubr |       |       |       |       |     3 |       ||     3
       Orb of Destructio |       |       |       |       |       |     3 ||     3
Invok: Draw Destruction  |     1 |     6 |       |     5 |    18 |    27 ||    57
       Draw Summoning    |       |     3 |     1 |     1 |     1 |     6 ||    12
       Draw Escape       |       |     2 |     4 |     4 |     4 |     2 ||    16
       Triple Draw       |       |     1 |     1 |       |       |       ||     2
       Draw Stack        |       |       |       |       |    10 |     5 ||    15
       Stack Five        |       |       |       |       |     2 |     2 ||     4
       Deal Four         |       |       |       |       |     1 |     2 ||     3
Evoke: Wand              |       |       |       |       |     1 |       ||     1
  Use: Scroll            |       |     4 |     6 |     6 |     8 |    10 ||    34
       Potion            |       |       |       |       |       |     3 ||     3
 Stab: Sleeping          |       |     1 |       |       |       |       ||     1
       Confused          |       |       |     1 |       |       |       ||     1
       Distracted        |       |       |       |       |       |     1 ||     1
Armor: Leather armour    |     6 |       |       |       |       |       ||     6
       Ring mail         |    37 |    75 |       |       |       |    45 ||   157
       Robe              |       |       |    25 |    73 |   106 |    47 ||   251
Dodge: Dodged            |    56 |    67 |    57 |    90 |   189 |   161 ||   620
       Repelled          |       |       |       |       |     2 |    11 ||    13
Block: Buckler           |       |       |       |    50 |   125 |   149 ||   324
       Reflection        |       |       |       |     4 |    13 |    25 ||    42
